 Dungeon Crawl Stone Soup version 0.27-a0-412-g8dd771eca2 (webtiles) character file.

Game seed: 16685534843656479691

154 siradein the Caller (level 5, -2/24 HPs)
             Began as a Vampire Summoner on Feb 24, 2021.
             Killed from afar by an orc wizard (6 damage)
             ... with a magic dart
             ... on level 3 of the Dungeon.
             The game lasted 00:15:54 (2677 turns).

siradein the Caller (Vampire Summoner)              Turns: 2677, Time: 00:15:54

Health: -2/24      AC:  2    Str: 11 (13) XL:     5   Next: 13%
Magic:  5/8        EV: 12    Int: 18      God:
Gold:   140        SH:  0    Dex: 14 (15) Spells: 2/8 levels left

rFire    . . .     SeeInvis +   m - +0 trident
rCold    . . .     Faith    .   (no shield)
rNeg     . . .     Spirit   .   a - +0 robe
rPois    .         Reflect  .   (no helmet)
rElec    .         Harm     .   (no cloak)
rCorr    +         Rampage  .   (no gloves)
Will     .....                  (no boots)
Stlth    ++........             (no amulet)
HPRegen  0.28/turn              h - +6 ring of strength
MPRegen  0.11/turn              k - ring of resist corrosion

@: regenerating quickly
A: fangs 3, see invisible, [frail 3], unbreathing
a: Exsanguinate


You were on level 3 of the Dungeon.
You visited 1 branch of the dungeon, and saw 3 of its levels.

You collected 140 gold pieces.

Inventory:

Hand Weapons
 m - a +0 trident (weapon)
Armour
 a - a +0 robe (worn)
Jewellery
 d - a ring of positive energy {unknown}
 h - a +6 ring of strength (left hand)
 k - a ring of resist corrosion (right hand)
Scrolls
 e - a scroll of enchant weapon {unknown}
 g - 2 scrolls of amnesia {unknown}
 i - a scroll of random uselessness {unknown}
 l - 4 scrolls of identify {unknown}
 o - a scroll of enchant armour {unknown}
Potions
 b - 2 potions of curing {unknown}
 c - 2 potions of brilliance {unknown}
 f - a potion of degeneration {unknown}
 j - a potion of mutation {unknown}
 n - a potion of heal wounds {unknown}


   Skills:
 - Level 2.1 Dodging
 - Level 3.0 Stealth
 - Level 2.0 Spellcasting
 + Level 6.5 Summonings


You had 2 spell levels left.
You knew the following spells:

 Your Spells              Type           Power        Failure   Level
a - Summon Small Mammal   Summ           100%         1%          1
b - Call Imp              Summ           25%          1%          2
c - Call Canine Familiar  Summ           25%          3%          3

Your spell library contained the following spells:

 Spells                   Type           Power        Failure   Level
 Summon Guardian Golem    Hex/Summ       13%          14%         3
 Summon Ice Beast         Ice/Summ       13%          43%         4
 Summon Lightning Spire   Summ/Air       13%          43%         4


Dungeon Overview and Level Annotations

Branches:
Dungeon (3/15)

Altars:


Innate Abilities, Weirdness & Mutations

Your natural rate of healing is unusually fast.
You have razor-sharp teeth.
You have supernaturally acute eyesight. (SInv)
You can survive without breathing.
[You are extremely frail. (-30% HP)]


Message History

Your crimson imp dies!
The iguana barely misses your shadow imp.
Your shadow imp completely misses the iguana.
The iguana bites your shadow imp.
Your shadow imp hits the iguana but does no damage.
The iguana bites your shadow imp!
Your shadow imp dies!
You swap places.
Casting: Call Imp (safe; 2% risk of failure)
Press: ? - help, Q - select action, (/) - cycle Dir - look around, f - activate A beastly little devil appears in a puff of flame.
Your crimson imp blinks!
You closely miss the iguana. Your bite misses the iguana.
The iguana is heavily wounded.
The iguana barely misses you.
Your crimson imp blinks!
You hit the iguana.
The iguana is almost dead.
The iguana barely misses you.
Your crimson imp blinks!
The iguana closely misses you.
You barely miss the iguana.
The iguana is almost dead.
Your crimson imp hits the iguana.
The iguana bites you!
You closely miss the iguana.
The iguana is almost dead.
Your crimson imp disappears in a puff of smoke!
The iguana hisses menacingly.
The iguana bites you.
You hit the iguana.
You kill the iguana!
Your crimson imp blinks!
The orc wizard gestures at you while chanting.
The magic dart hits you!
* * * LOW HITPOINT WARNING * * *
You feel your intelligence returning.
You swap places.
The orc wizard casts a spell at you. The magic dart hits you.
You die...

#o# #......# #5# #......##
## #.# #.......# #. #.#
###.###.# #. #.# #.# #.# #.
#)########.###.# #.
#......o.§.....# #.
##########o################.
>.........5@................
##########(################.
#.# #. #§# #. #.# #. #.# ###
#. #.# #.######. ######.##
#......#. +.......# #.###.##


You could see an orc wizard (invisible) and a friendly crimson imp (summoned).

Vanquished Creatures
  An orc priest (D:3)
  An iguana (D:3)
  An adder (D:2)
  3 dart slugs
  A leopard gecko (D:2)
  An orc (D:3)
  A giant cockroach (D:1)
  6 goblins
  4 hobgoblins
  2 jackals (D:1)
  A quokka (D:3)
  6 bats
  2 frilled lizards
  5 kobolds
  2 rats
37 creatures vanquished.

Vanquished Creatures (collateral kills)
  2 orc priests (D:3)
  6 orcs (D:3)
  A ball python (D:1)
  4 bats (D:2)
  2 giant cockroaches
  5 goblins
  3 hobgoblins
  2 jackals (D:1)
  A quokka (D:2)
  4 kobolds
  5 rats
35 creatures vanquished.

Grand Total: 72 creatures vanquished

Notes
Turn   | Place    | Note
-------+----------+-------------------------------------------
     0 | D:1      | siradein the Vampire Summoner began the quest for the Orb.
     0 | D:1      | Reached XP level 1. HP: 13/13 MP: 3/3
   323 | D:1      | Reached XP level 2. HP: 19/19 MP: 1/5
   809 | D:1      | Reached skill level 5 in Summonings
   816 | D:1      | Reached XP level 3. HP: 19/24 MP: 3/6
  1411 | D:2      | Learned a level 2 spell: Call Imp
  1415 | D:2      | Learned a level 3 spell: Call Canine Familiar
  2020 | D:3      | Reached XP level 4. HP: 21/21 MP: 4/7
  2188 | D:3      | HP: 1/21 [orc priest/+0 trident (5)]
  2418 | D:3      | Reached skill level 6 in Summonings
  2520 | D:3      | Reached XP level 5. HP: 24/24 MP: 2/8
  2677 | D:3      | Killed from afar by an orc wizard

Illustrated notes

Levels and vault maps discovered:
D:1:      doesnt_arrival_eight_statues, layout_loops_ring
D:2:      layout_loops_cross
D:3:      layout_basic, nicolae_dithmenos_shadow_blocks

Skill      XL: |  1  2  3  4 |
---------------+-------------+-----
Summonings     | 5 6 |  6.5
Dodging        | |  2.1
Stealth        | |  3.0
Spellcasting   | |  2.0

Action                   |  1- 3 |  4- 6 || total
-------------------------+-------+-------++-------
Melee: Unarmed           |    42 |       ||    42
       Bite              |     8 |     3 ||    11
       Short sword       |   103 |    10 ||   113
       Trident           |       |    14 ||    14
 Cast: Summon Small Mamm |    37 |       ||    37
       Call Imp          |     8 |    13 ||    21
 Abil: Exsanguinate      |     3 |       ||     3
       Revivify          |     3 |       ||     3
       Bat Form          |     1 |       ||     1
 Stab: Sleeping          |     8 |     2 ||    10
       Distracted        |     1 |       ||     1
Armor: Robe              |    34 |     5 ||    39
Dodge: Dodged            |   136 |    16 ||   152

Table legend: (Time is in decaauts)
 A = Elapsed time spent in this place.
 B = Non-inter-level travel time spent in this place.
 C = Inter-level travel time spent in this place.
 D = Time resting spent in this place.
 E = Time spent auto-exploring this place.
 F = Levels seen in this place.
 G = Mean time per level.
                   A        B        C        D        E       F      G
               +--------+--------+--------+--------+--------+-----+--------+
         Total |   2688 |   2644 |     44 |    153 |   1729 |   3 |  896.0 |
       Dungeon |   2688 |   2644 |     44 |    153 |   1729 |   3 |  896.0 |
               +--------+--------+--------+--------+--------+-----+--------+

Top non-repeatable levels by time:
     D:2: 1031 daAuts
     D:1: 971 daAuts
     D:3: 685 daAuts
